 Dungeon Crawl Stone Soup version 0.32-a0-131-g9dbbe29261 (webtiles) character file.

Game seed: 16293882647595412392

1682 Newt the Trooper (level 9, -6/53 HPs)
             Began as a Gargoyle Fighter on Feb 8, 2024.
             Was a Follower of Hepliaklqana.
             Killed from afar by a white imp (12 damage)
             ... with a puff of frost
             ... on level 6 of the Dungeon.
             The game lasted 00:09:10 (5910 turns).

Newt the Trooper (Gargoyle Fighter)                 Turns: 5910, Time: 00:09:11

Health: -6/53      AC:  0    Str: 24    XL:     9   Next: 2%
Magic:  9/9        EV: 17    Int:  9    God:    Hepliaklqana [*.....]
Gold:   94         SH:  0    Dex: 14    Spells: 7/8 levels left

rFire   . . .        a - melded +0 flail
rCold   . . .        c - melded +0 buckler
rNeg    + . .        b - melded +0 scale mail
rPois   ∞            i - melded +0 helmet
rElec   .            z - melded +0 cloak
rCorr   .            k - melded +0 pair of gloves
SInv    .            (boots currently unavailable)
Will    .....        (no amulet)
Stlth   +            A - melded ring of wizardry
HPRegen 0.28/turn    (ring currently unavailable)
MPRegen 0.11/turn

%: no passive effects
@: bat-form, flying, very quick
A: fast, flying, no casting, reduced essence, sickness immunity, AC +6, tiny,
negative energy resistance 1, (electricity resistance), torment resistance 1,
petrification resistance
a: Renounce Religion, Recall Ancestor, Ancestor Identity


You were on level 6 of the Dungeon.
You worshipped Hepliaklqana.
Hepliaklqana was aware of your devotion.
You were a bat.
You visited 2 branches of the dungeon, and saw 7 of its levels.

You collected 333 gold pieces.
You spent 239 gold pieces at shops.

Inventory:

Hand Weapons
 a - a +0 flail (melded)
Missiles
 g - 6 boomerangs (quivered)
 s - a javelin
Armour
 b - a +0 scale mail (melded)
 c - a +0 buckler (melded)
 i - a +0 helmet (melded)
 k - a +0 pair of gloves (melded)
 z - a +0 cloak (melded)
Jewellery
 A - a ring of wizardry (melded)
Wands
 w - a wand of iceblast (10)
 y - a wand of charming (7)
Scrolls
 e - 3 scrolls of amnesia
 l - a scroll of revelation
 n - a scroll of silence
 p - a scroll of enchant weapon
 q - 2 scrolls of noise
 t - a scroll of poison
 v - a scroll of teleportation
 x - a scroll of fear
 C - a scroll of vulnerability {unknown}
 D - a scroll of identify
 E - a scroll of enchant armour {unknown}
 F - a scroll of blinking {unknown}
Potions
 d - a potion of might
 f - a potion of magic
 h - 3 potions of brilliance {unknown}
 j - a potion of cancellation {unknown}
 o - a potion of invisibility {unknown}
 r - a potion of enlightenment {unknown}
 u - 4 potions of haste {unknown}
 B - a potion of attraction {unknown}


   Skills:
 + Level 7.8 Fighting
 - Level 6.1 Maces & Flails
 - Level 7.1 Armour
 - Level 3.2 Shields
 * Level 3.2 Summonings


You had 7 spell levels left.
You knew the following spells:

 Your Spells              Type           Power      Damage    Failure   Level
a - Summon Small Mammal   Summ           20%        N/A       11%         1

Your spell library contained the following spells:

 Spells                   Type           Power      Damage    Failure   Level
 Apportation              Tloc           0%         N/A       38%         1
 Necrotise                Necr           0%         1d4       38%         1
 Sting                    Conj/Alch      0%         1d3       38%         1
 Passage of Golubria      Tloc           0%         N/A       99%         4
 Silence                  Hex/Air        0%         N/A       100%        5
 Lehudib's Crystal Spear  Conj/Erth      0%         10d2      100%        8


Dungeon Overview and Level Annotations

Branches:
Dungeon (6/15)             Temple (1/1) D:4

Altars:
Ashenzari
Cheibriados
Dithmenos
Elyvilon
Fedhas
Gozag
Hepliaklqana
Kikubaaqudgha
Makhleb
Nemelex Xobeh
Okawaru
Ru
Sif Muna
Uskayaw
Vehumet
Wu Jian

Shops:
D:1 [   D:3 *   D:4 :   D:5 ?


Innate Abilities, Weirdness & Mutations

You are a bat.
You are tiny and dextrous.
You move quickly.
You are flying.
Your equipment is almost entirely melded.
You are incapable of wielding weapons or throwing items.
You cannot cast spells.
Your life essence is reduced to manifest your ancestor. (-10% HP)
You are immune to sickness and miasma.
((Your stone body is resilient. (AC +6)))
You are immune to poison.
You resist negative energy. (rN+)
((You are resistant to electric shocks. (rElec)))
You are resistant to unholy torment.
You are immune to petrification.


Message History

Unknown command.
Aiming: Iceblast
Press: ? - help, Shift-Dir - straight line The mass of ice explodes!
The iceblast engulfs Maggie!
Maggie is severely wounded.
You hear a shout!
Xolani misses Maggie.
The white imp gestures at you. The puff of frost misses you.
Maggie hits you with a +0 war axe!
* * * LOW HITPOINT WARNING * * *
Maggie hits Xolani with a +0 war axe.
Unknown command.
Unknown command.
Aiming: Iceblast
Press: ? - help, Shift-Dir - straight line The mass of ice explodes!
The iceblast engulfs Maggie.
Maggie is almost dead.
Xolani hits Maggie.
Maggie gestures at you while chanting. The bolt of fire misses you.
Unknown command.
Unknown command.
Aiming: Iceblast
Press: ? - help, Shift-Dir - straight line The mass of ice explodes!
The iceblast engulfs Maggie!
You break out of your daze!
You kill Maggie!
Your Summonings skill gained 2 levels and is now at level 3!
You have reached level 9!
Your experience leads to an increase in your attributes!
Your base attributes are Str 22, Int 9, Dex 9.
Increase (S)trength, (I)ntelligence, or (D)exterity?
You feel stronger. x2
Xolani remembers more of his old skill.
Xolani hits the white imp.
There is a stone staircase leading down here.
The white imp gestures at you. The puff of frost hits you!
You die...
Hepliaklqana delivers you to your ancestors.

....... ##.....###### #
............##......# ..
................###.### ..#
......#.##.####.......#..###
.....#. #.#########..#.....
. ..........#....## .
.##.?............## .. ..
##...#........... ..
#.b....)......
#.###...:.........
#.................
###..5....$..#.###
#..R..........#
#..)..........#
#.............
...............
##..............


You could see the friendly Xolani the ancestor and a white imp (ally target).

Vanquished Creatures
  Maggie (D:6)
  A black bear (D:5)
  An ice beast (D:6)
  2 centaurs (D:5)
  2 ogres
  A phantom (D:5)
  2 scorpions
  3 bombardier beetles (D:4)
  2 hounds
  3 orc priests
  A gnoll bouda (D:4)
  A jelly (D:5)
  3 iguanas
  4 orc wizards
  4 gnolls (D:4)
  12 adders
  2 ribbon worms (D:2)
  A dart slug (D:3)
  9 orcs
  10 ball pythons
  9 endoplasms
  3 giant cockroaches
  8 goblins
  15 hobgoblins
  6 jackals
  5 quokkas
  5 bats
  5 frilled lizards (D:1)
  A kobold (D:4)
  9 rats
131 creatures vanquished.

Vanquished Creatures (collateral kills)
  An orc (D:5)
1 creature vanquished.

Grand Total: 132 creatures vanquished

Notes
Turn   | Place    | Note
-------+----------+-------------------------------------------
     0 | D:1      | Newt the Gargoyle Fighter began the quest for the Orb.
     0 | D:1      | Reached XP level 1. HP: 14/14 MP: 1/1
   107 | D:1      | Reached XP level 2. HP: 14/19 MP: 2/2
   441 | D:1      | Reached XP level 3. HP: 20/24 MP: 3/3
   713 | D:1      | Found Heanuyx's Antique Armour Emporium.
  1002 | D:2      | Reached XP level 4. HP: 29/29 MP: 4/4
  1170 | D:2      | Found a faded altar of an unknown god.
  1298 | D:2      | Reached XP level 5. HP: 34/34 MP: 5/5
  1788 | D:3      | Found a shadowy altar of Dithmenos.
  1848 | D:3      | Found Gastryemo's General Store.
  1856 | D:3      | Bought a scroll of identify for 22 gold pieces
  2021 | D:3      | Reached skill level 5 in Fighting
  2021 | D:3      | Reached skill level 5 in Maces & Flails
  2021 | D:3      | Reached XP level 6. HP: 34/40 MP: 6/6
  2119 | D:1      | Bought a brightly glowing helmet for 161 gold pieces
  2119 | D:1      | Identified the +0 helmet of Yesterday {*Slow Fly rPois
                  | Int-5} (You bought it in a shop on level 1 of the Dungeon)
  2787 | D:4      | Reached XP level 7. HP: 32/44 MP: 7/7
  3091 | D:4      | Found Valov's Book Boutique.
  3322 | D:4      | Found a staircase to the Ecumenical Temple.
  3328 | Temple   | Entered the Ecumenical Temple
  3372 | Temple   | Became a worshipper of Hepliaklqana the Forgotten
  3562 | D:4      | Found an ancient bone altar of Kikubaaqudgha.
  3654 | D:4      | Found an ornate altar of the Wu Jian Council.
  3698 | D:5      | Entered Level 5 of the Dungeon
  3717 | D:5      | Reached skill level 5 in Armour
  3737 | D:5      | Found Tamny's Magic Scroll Emporium.
  4010 | D:5      | Reached XP level 8. HP: 51/52 MP: 8/8
  4020 | D:5      | Bought a scroll of identify for 28 gold pieces
  4020 | D:5      | Bought a scroll of identify for 28 gold pieces
  4089 | D:5      | Found a broken altar of Ashenzari.
  4089 | D:5      | Found an iron altar of Okawaru.
  4093 | D:5      | Learned a level 1 spell: Summon Small Mammal
  5778 | D:6      | Reached * piety under Hepliaklqana
  5811 | D:6      | Reached skill level 1 in Summonings
  5892 | D:6      | Noticed Maggie
  5905 | D:6      | Killed Maggie
  5906 | D:6      | Reached XP level 9. HP: 5/53 MP: 9/9
  5910 | D:6      | Killed from afar by a white imp

Illustrated notes

Levels and vault maps discovered:
D:1:      zelgadis_glass_arrival_small, layout_basic, serial_shops,
          nicolae_shop_tiny_statue_garden, st_stairs_6,
          dreamdust_princess_bridge
D:2:      layout_rooms, shapermc_ecumenical_altar_mp_vishouse,
          hangedman_abyss_or_decor_stabs, st_stairs_12, minmay_diced_spiral
D:3:      minmay_wonky_spiral, layout_rooms, nicolae_dithmenos_the_darkroom,
          serial_shops, shop, skrybe_limestone_x, st_stairs_5,
          dk_noncrumbling_4, minmay_quantized
D:4:      layout_rooms, amcnicky_altar_gilded, mainiacjoe_overflow_alcove_4,
          minmay_temple_entry_nine_rooms, serial_shops,
          nicolae_shop_back_alley_shop
D:5:      layout_loops_corners, gammafunk_temple_overflow_elements,
          serial_rivers, chequers_serial_rivers_room_b,
          chequers_serial_rivers_small_3, chequers_serial_rivers_large_a,
          chequers_serial_rivers_micro_a, chequers_serial_rivers_micro_d,
          chequers_serial_rivers_large_b, serial_shops, shop
D:6:      layout_rooms, gup_sewer_entry_spiral, nicolae_shop_dragon_depot,
          grunt_ministairs_8, sigmund_edmund_badplayer, uniq_maggie,
          uniq_duvessa
Temple:   grunt_temple_mini_profane

Skill      XL: |  1  2  3  4  5  6  7  8 |
---------------+-------------------------+-----
Maces & Flails | 3 4 5 6 |  6.1
Fighting       | 4 5 6 7 |  7.8
Armour         | 5 7 |  7.1
Summonings     | 3 |  3.2
Shields        | |  3.2

Action                     |  1- 3 |  4- 6 |  7- 9 || total
---------------------------+-------+-------+-------++-------
  Melee: Flail             |   126 |   156 |   211 ||   493
         Unarmed           |       |       |     6 ||     6
  Throw: Javelin           |       |       |     1 ||     1
  Evoke: Wand              |       |     2 |     6 ||     8
    Use: Scroll            |     1 |     2 |     6 ||     9
         Potion            |       |       |     3 ||     3
 Armour: Scale mail        |    92 |   134 |   226 ||   452
         Skin              |       |       |     5 ||     5
  Dodge: Dodged            |    53 |    73 |   104 ||   230
  Block: Buckler           |    21 |    25 |    42 ||    88

Table legend: (Time is in decaauts)
 A = Elapsed time spent in this place.
 B = Non-inter-level travel time spent in this place.
 C = Inter-level travel time spent in this place.
 D = Time resting spent in this place.
 E = Time spent auto-exploring this place.
 F = Levels seen in this place.
 G = Mean time per level.
                   A        B        C        D        E       F      G
               +--------+--------+--------+--------+--------+-----+--------+
         Total |   6080 |   5711 |    369 |   1404 |   3208 |   7 |  868.6 |
       Dungeon |   5997 |   5705 |    292 |   1404 |   3208 |   6 |  999.5 |
        Temple |     82 |      6 |     76 |      0 |      0 |   1 |   82.0 |
               +--------+--------+--------+--------+--------+-----+--------+

Top non-repeatable levels by time:
     D:5: 2069 daAuts
     D:4: 1124 daAuts
     D:1: 1069 daAuts
     D:3: 866 daAuts
     D:2: 635 daAuts
     D:6: 231 daAuts
  Temple: 82 daAuts
